 Seeded DCSS version 0.26.1-11-gd32895ea62 (webtiles) character file.

Game seed: 20210630 (custom seed)

69 MrSixtyFour the Digger (level 4, -10/24 HPs)
             Began as a Gargoyle Earth Elementalist on June 30, 2021.
             Killed by divine providence
             ... invoked by an orc priest
              (11 damage)
             ... on level 2 of the Dungeon.
             The game lasted 00:10:29 (2112 turns).

MrSixtyFour the Digger (GrEE)                       Turns: 2112, Time: 00:10:30

Health: -10/24     AC:  8    Str: 11    XL:     4   Next: 20%
Magic:  2/7        EV: 12    Int: 17    God:
Gold:   95         SH:  0    Dex: 12    Spells: 7/8 levels left

rFire    . . .     SeeInvis .   p - +1 mace (holy)
rCold    . . .     Faith    .   (no shield)
rNeg     + . .     Spirit   .   c - +0 robe
rPois    ∞         Reflect  .   (no helmet)
rElec    +         Harm     .   j - +2 cloak
rCorr    .         Rampage  .   (no gloves)
Will     .....                  (no boots)
Stlth    +++.......             (no amulet)
HPRegen  0.08/turn              (no ring)
MPRegen  0.10/turn              (no ring)

@: no status effects
A: camouflage 1, agile 1, blink, negative energy resistance 1, electricity
resistance, unbreathing, petrification resistance, miasma immunity, MP-powered
wands, AC +3
a: Blink


You were on level 2 of the Dungeon.
You visited 1 branch of the dungeon, and saw 2 of its levels.

You collected 95 gold pieces.

Inventory:

Hand Weapons
 p - a +1 mace of holy wrath (weapon)
Missiles
 b - 82 stones
Armour
 c - a +0 robe (worn)
 j - a +2 cloak (worn)
Scrolls
 a - a scroll of remove curse
 d - a scroll of amnesia {unknown}
 e - a scroll of fog {unknown}
 i - 2 scrolls of blinking {unknown}
 k - a scroll of identify {unknown}
 m - a scroll of enchant weapon {unknown}
 n - a scroll of teleportation {unknown}
Potions
 f - a potion of might {unknown}
 g - a potion of flight {unknown}
 h - a potion of mutation
 l - 2 potions of magic {unknown}
 o - a potion of haste {unknown}


   Skills:
 + Level 0.7 Fighting
 + Level 0.8 Maces & Flails
 + Level 2.0 Dodging
 + Level 2.4 Stealth
 + Level 2.5 Spellcasting
 + Level 0.7 Transmutations
 + Level 4.7 Earth Magic


You had 7 spell levels left.
You knew the following spells:

 Your Spells              Type           Power        Failure   Level
a - Sandblast             Erth           36%          2%          1

Your spell library contained the following spells:

 Spells                   Type           Power        Failure   Level
 Passwall                 Tmut/Erth      9%           9%          2
 Stone Arrow              Conj/Erth      20%          21%         3
 Petrify                  Tmut/Erth      11%          52%         4
 Lee's Rapid Deconstruct  Erth           9%           58%         5


Dungeon Overview and Level Annotations

Branches:
Dungeon (2/15)

Altars:


Innate Abilities, Weirdness & Mutations

You are resistant to torment.
Your stone body is resilient. (AC +3)
You are immune to poison.
You resist negative energy. (rN+)
You are resistant to electric shocks. (rElec)
You can survive without breathing.
You are immune to petrification.
You are immune to miasma.
Your skin changes colour to match your surroundings (Stealth+).
You are agile. (Dex +2)
You can translocate small distances at will.
You expend magic power (3 MP) to strengthen your wands.


Message History

You kill the orc wizard!
Your Dodging skill increases to level 2!
You have reached level 4!
You feel clever.
You blink.
The orc priest hits you from afar with a +0 trident.
* * * LOW HITPOINT WARNING * * *
Okay, then.
As you read the scroll labelled WETIDI PUWNIXT, it crumbles to dust.
You feel blessed for a moment.
It was a scroll of remove curse.
Aiming: Sandblast (safe; 2% risk of failure)
Press: ? - help, Q - select action, (/) - cycle Shift-Dir - straight line, f - orc priest
Aim: an orc priest, wielding a +0 trident (21% to evade)
The blast of sand hits the orc priest!
The orc priest is almost dead.
The orc priest calls down the wrath of Beogh upon you.
You barely resist.
The orc priest calls down the wrath of Beogh upon you.
Beogh smites you!
You die...

...................†........
.........#######.#####.#....
.........#######.#.. # .
†..............#.#.#
.######........#.#.# #.########
.....##........#.#.# #.........
.....##........#.#.###########...
.....##........#.#..........##...
.....##........#@.........#.##...
.....##........#..........#.....#
.....##........#............##...
.....##........#o...........##...
.....##........#.....###....##...
.....##........#o###.# #######...
..............##.# #.# #...
.##...#######..#.# #.# #..<
.##..###.⌠.###.#.# #.# #...


You could see an orc priest and an orc.

Vanquished Creatures
  An orc wizard (D:2)
  An ooze (D:2)
  A worm (D:2)
  A leopard gecko (D:1)
  3 orcs (D:2)
  6 bats
  A giant cockroach (D:1)
  4 goblins
  A hobgoblin (D:2)
  A ball python (D:1)
  2 frilled lizards (D:1)
  3 kobolds
  6 rats
31 creatures vanquished.

Notes
Turn   | Place    | Note
-------+----------+-------------------------------------------
     0 | D:1      | MrSixtyFour the Gargoyle Earth Elementalist began the quest
                  | for the Orb.
     0 | D:1      | Reached XP level 1. HP: 10/10 MP: 3/3
   196 | D:1      | Reached skill level 4 in Earth Magic
   531 | D:1      | Reached XP level 2. HP: 5/15 MP: 0/5
  1433 | D:2      | Reached XP level 3. HP: 19/19 MP: 1/6
  1772 | D:2      | Found a faded altar of an unknown god.
  2102 | D:2      | Gained mutation: You can translocate small distances at
                  | will. [potion of mutation]
  2102 | D:2      | Gained mutation: Your skin changes colour to match your
                  | surroundings (Stealth+). [potion of mutation]
  2102 | D:2      | Gained mutation: You expend magic power (3 MP) to
                  | strengthen your wands. [potion of mutation]
  2102 | D:2      | Gained mutation: You are agile. (Dex +2) [potion of
                  | mutation]
  2104 | D:2      | Reached XP level 4. HP: 6/24 MP: 2/7
  2104 | D:2      | HP: 1/24 [orc priest/+0 trident (4)]
  2112 | D:2      | Killed from afar by an orc priest

Illustrated notes

Levels and vault maps discovered:
D:1:      dpeg_arrival_arbitrary_a, layout_basic
D:2:      cheibrodos_pilgrimage, layout_basic, chequers_ecumenical_altar_grove

Skill      XL: |  1  2  3 |
---------------+----------+-----
Earth Magic    | 4 |  4.7
Dodging        | 2 |  2.0
Fighting       | |  0.7
Maces & Flails | |  0.8
Stealth        | |  2.4
Spellcasting   | |  2.5
Transmutations | |  0.7

Action                   |  1- 3 |  4- 6 || total
-------------------------+-------+-------++-------
Melee: Hand axe          |     8 |       ||     8
       Mace              |    45 |       ||    45
 Cast: Sandblast         |    40 |     1 ||    41
 Abil: Blink             |       |     1 ||     1
  Use: Potion            |     2 |       ||     2
       Scroll            |       |     1 ||     1
Armor: Robe              |    27 |       ||    27
Dodge: Dodged            |    39 |       ||    39
